 Dungeon Crawl Stone Soup version 0.20.0 (webtiles) character file.

44 Danakh the Slasher (level 3, 0/22 HPs)
             Began as a Tengu Warper on May 31, 2017.
             Slain by an adder (2 damage)
             ... on level 2 of the Dungeon.
             The game lasted 00:03:00 (1994 turns).

Danakh the Slasher (Tengu Warper)                   Turns: 1994, Time: 00:03:01

Health: 0/22       AC:  3    Str: 11    XL:     3   Next: 62%
Magic:  16/16      EV: 12    Int: 13    God:
Gold:   60         SH:  0    Dex: 14    Spells: 6/6 levels left

rFire    . . .     SeeInvis .   a - +0 falchion
rCold    . . .     Gourm    .   (no shield)
rNeg     . . .     Faith    .   b - +0 leather armour
rPois    .         Spirit   .   (helmet restricted)
rElec    .         Reflect  .   (no cloak)
rCorr    .         Harm     .   (no gloves)
MR       .....                  (boots unavailable)
Stlth    +.........             (no amulet)
Regen    0.1/turn               m - ring of magical power
MPRegen  0.2/turn               (no ring)

@: no status effects
A: beak, talons 3
a: no special abilities


You were on level 2 of the Dungeon.
You were not hungry.

You visited 1 branch of the dungeon, and saw 2 of its levels.

You collected 60 gold pieces.

Inventory:

Hand Weapons
 a - a +0 falchion (weapon)
Missiles
 e - 5 tomahawks of dispersal (quivered)
Armour
 b - a +0 leather armour (worn)
Jewellery
 m - a ring of magical power (left hand)
Scrolls
 d - a scroll of blinking
 h - a scroll of identify {unknown}
 i - 2 scrolls of amnesia {unknown}
 l - 2 scrolls of remove curse {unknown}
 n - a scroll of fear {unknown}
 o - a scroll of enchant armour {unknown}
Potions
 g - a potion of curing
 j - a potion of agility {unknown}
Books
 c - a book of Spatial Translocations

   Spells                             Type                      Level
   a - Blink                          Translocation                2
   b - Shroud of Golubria             Charms/Translocation         2
   c - Lesser Beckoning               Translocation                3
   d - Gell's Gravitas                Translocation                3
   e - Teleport Other                 Translocation                3
   f - Passage of Golubria            Translocation                4
Comestibles
 f - 5 bread rations


   Skills:
 + Level 2.6 Fighting
 * Level 3.2 Long Blades
 - Level 1.0 Throwing
 + Level 1.7 Armour
 + Level 2.5 Dodging
 - Level 2.0 Spellcasting
   Level 2.4 Translocations


You had 6 spell levels left.
You didn't know any spells.

Dungeon Overview and Level Annotations

Branches:
Dungeon (2/15)

Altars:
Nemelex Xobeh


Innate Abilities, Weirdness & Mutations

You have a beak for a mouth.
You have claws for feet.


Message History

* * * LOW HITPOINT WARNING * * *
The adder bites you.
* * * LOW HITPOINT WARNING * * *
You miss the adder. Your peck misses the adder.
The adder is moderately wounded.
The adder bites you but does no damage.
You hit the adder but do no damage. Your kick misses the adder.
The adder is moderately wounded.
The adder bites you.
* * * LOW HITPOINT WARNING * * *
The adder misses you.
You hit the adder but do no damage.
The adder is moderately wounded.
The adder barely misses you.
You riposte.
You hit the adder. Your peck misses the adder.
The adder is heavily wounded.
You hit the adder but do no damage. Your kick misses the adder.
The adder is heavily wounded.
The adder bites you.
You die...

#$ #. #. #. ###+#. #.
#..... ## #.....
#.....#### #......#
##......#########
..........S@.....(###
####......#######...#
###.##########'''#######
... ########...#######
#### ##§§§§.#...#§§.§.#
##.§.§§#.≈.#.§§§§#
##§.§§§#...#§§§§§#
##§§§§§#...#§§§§§#
##§§.§.#...#§§§§§#


You could see an adder.

Vanquished Creatures
  2 adders (D:2)
  2 dart slugs
  A giant cockroach (D:2)
  2 goblins
  4 hobgoblins (D:1)
  2 jackals (D:2)
  6 bats
  A frilled lizard (D:1)
  A kobold (D:2)
  3 rats
24 creatures vanquished.

Notes
Turn   | Place    | Note
-------+----------+-------------------------------------------
     0 | D:1      | Danakh the Tengu Warper began the quest for the Orb.
     0 | D:1      | Reached XP level 1. HP: 12/12 MP: 4/4
   492 | D:1      | Reached XP level 2. HP: 5/17 MP: 6/6
  1628 | D:2      | Reached XP level 3. HP: 17/22 MP: 7/7
  1636 | D:2      | Reached skill level 3 in Long Blades
  1926 | D:2      | Found a sparkling altar of Nemelex Xobeh.
  1994 | D:2      | Slain by an adder

Skill      XL: |  1  2  3 |
---------------+----------+-----
Long Blades    | 3 |  3.2
Fighting       | |  2.6
Throwing       | |  1.0
Armour         | |  1.7
Dodging        | |  2.5
Spellcasting   | |  2.0
Translocations | |  2.4

Action                   || total
-------------------------++-------
Melee: Falchion          ||    83
       Kick              ||    22
       Peck              ||     9
  Use: Potion            ||     2
  Eat: Meat ration       ||     1
Armor: Leather armour    ||    17
Dodge: Dodged            ||    62
       Rpst.: Falchion   ||    20
